 Dungeon Crawl Stone Soup version 0.17.1-1-g73c8601 (webtiles) character file.

56 abixa the Poker (level 3, 0/29 HPs)
             Began as a Demigod Skald on Jan 7, 2016.
             Slain by a river rat (1 damage)
             ... in a sewer.
             The game lasted 00:04:30 (2231 turns).

abixa the Poker (Demigod Skald)                     Turns: 2231, Time: 00:04:30

Health: 0/29       AC:  4    Str: 15    XL:     3   Next: 48%
Magic:  7/8        EV: 11    Int: 16    God:
Gold:   106        SH:  0    Dex: 17    Spells: 1 memorised, 4 levels left

rFire  . . .     SeeInvis .     a - +0 trident
rCold  . . .     Clarity  .     b - +0 leather armour
rNeg   . . .     SustAt   +     (no shield)
rPois  .         Gourm    .     (no helmet)
rElec  .         Spirit   .     (no cloak)
rCorr  .         Warding  .     k - +0 pair of gloves
rMut   .         Stasis   .     (no boots)
MR     .....                    (no amulet)
Stlth  +.........               (no ring)
                                (no ring)

@: infused (expiring), not resistant to hostile enchantments, very unstealthy
A: high mp 1, sustain attributes
a: no special abilities


You were in a sewer.
You were hungry.

You visited 1 branch of the dungeon, and saw 3 of its levels.
You also visited: Sewer.

You collected 106 gold pieces.

Inventory:

Hand Weapons
 a - a +0 trident (weapon)
Missiles
 g - 61 bolts
 j - 66 stones (quivered)
 t - 9 arrows of dispersal
 v - 14 poisoned needles
Armour
 b - a +0 leather armour (worn)
 k - a +0 pair of gloves (worn)
 m - a +0 ring mail
Jewellery
 u - a +6 ring of strength {unknown}
Scrolls
 e - 4 scrolls of identify {unknown}
 h - 3 scrolls of blinking {unknown}
 i - 2 scrolls of fog {unknown}
 n - 3 scrolls of remove curse {unknown}
 o - 2 scrolls of random uselessness {unknown}
 p - a scroll of recharging {unknown}
 r - 2 scrolls of teleportation {unknown}
Potions
 q - a potion of lignification {unknown}
 s - 2 potions of heal wounds {unknown}
 w - a potion of curing {unknown}
Books
 c - a book of Battle

   Spells                             Type                      Level
   a - Infusion                       Charms                       1
   b - Shroud of Golubria             Charms/Translocation         2
   c - Song of Slaying                Charms                       2
   d - Spectral Weapon                Hexes/Charms                 3
   e - Regeneration                   Charms/Necromancy            3
Comestibles
 d - 2 bread rations
 f - 5 fruits
 l - 2 meat rations


   Skills:
 - Level 1.7 Fighting
 + Level 3.7 Polearms
 - Level 0.8 Armour
 - Level 0.8 Dodging
 - Level 1.7 Spellcasting
 - Level 2.6 Charms


You had 4 spell levels left.
You knew the following spells:

 Your Spells              Type           Power        Failure   Level  Hunger
a - Infusion              Chrm           ##....       10%         1    ##.....


Dungeon Overview and Level Annotations

Branches:
Dungeon (3/15)

Annotations:
D:3 2 exclusions


Innate Abilities, Weirdness & Mutations

You have an increased reservoir of magic (+10% MP).
Your attributes are resistant to harm.


Message History

The river rat bites you but does no damage. x2
Your unstable footing causes you to fumble your attack.
The rat bites you but does no damage. The river rat barely misses you.
Your unstable footing causes you to fumble your attack.
The rat closely misses you. The river rat bites you.
* * * LOW HITPOINT WARNING * * *
The rat barely misses you.
Your unstable footing causes you to fumble your attack.
The river rat closely misses you. The rat bites you but does no damage.
You hit the river rat but do no damage.
The river rat is lightly wounded.
Your magical infusion is running out.
The river rat bites you.
* * * LOW HITPOINT WARNING * * *
The rat bites you but does no damage.
The river rat twitches its whiskers.
The river rat bites you.
* * * LOW HITPOINT WARNING * * *
The river rat bites you.
You die...

#######################
##....≈≈≈≈≈≈≈≈≈≈≈≈≈≈≈≈..
#....≈≈≈≈≈r≈≈≈≈≈≈≈≈≈≈≈≈.
#..∩..≈≈@r≈≈≈≈≈≈≈≈≈≈≈≈≈.
#..∩..≈≈≈≈≈≈≈≈≈≈≈≈≈≈≈≈≈r
#.....≈≈≈≈≈≈≈≈≈≈≈≈≈≈≈≈..
##...≈≈≈≈≈≈≈≈≈≈≈≈≈≈≈≈≈≈.
#######################


You could see a river rat and a rat.

Vanquished Creatures
  2 adders (D:2)
  A worm (D:2)
  6 hobgoblins
  2 kobolds (D:1)
  2 ball pythons (D:2)
  3 bats
  6 giant cockroaches
  4 giant newts (D:2)
  7 goblins (D:1)
  5 rats
38 creatures vanquished.

Notes
Turn   | Place    | Note
--------------------------------------------------------------
     0 | D:1      | abixa the Demigod Skald began the quest for the Orb.
     0 | D:1      | Reached XP level 1. HP: 17/17 MP: 5/5
   435 | D:1      | Reached XP level 2. HP: 8/24 MP: 4/7
   909 | D:2      | Found a glowing golden altar of the Shining One.
   932 | D:2      | Reached skill level 3 in Polearms
  1397 | D:2      | Reached XP level 3. HP: 27/29 MP: 3/8
  2192 | D:3      | Found a glowing drain.
  2199 | Sewer    | Entered a sewer
  2230 | Sewer    | HP: 1/29 [river rat (4)]
  2231 | Sewer    | Slain by a river rat

Action                   || total
-------------------------++-------
Melee: Spear             ||    56
       Trident           ||    60
 Cast: Infusion          ||    16
 Stab: Sleeping          ||     2
       Distracted        ||     1
  Eat: Chunk             ||     4
